 Dungeon Crawl Stone Soup version 0.22-a0-402-ga933591 (webtiles) character file.

7682 Kairos the Cleaver (level 11, -1/56 HPs)
             Began as a Vine Stalker Fighter on May 7, 2018.
             Was an Elder of Okawaru.
             Slain by a swamp worm (6 damage)
             ... on level 1 of the Lair of Beasts.
             The game lasted 00:18:08 (6538 turns).

Kairos the Cleaver (Vine Stalker Fighter)           Turns: 6538, Time: 00:18:09

Health: -1/56      AC: 14    Str: 22    XL:     11   Next: 19%
Magic:  0/21       EV: 11    Int:  8    God:    Okawaru [****..]
Gold:   524        SH: 11    Dex: 14    Spells: 10/10 levels left

rFire    . . .     SeeInvis .   L - +2 flail (drain)
rCold    . . .     Gourm    .   c - +0 shield
rNeg     . . .     Faith    .   m - quicksilver dragon scales
rPois    +         Spirit   +   e - +2 hat
rElec    .         Reflect  .   (no cloak)
rCorr    .         Harm     .   q - +0 pair of gloves
MR       ++...                  (no boots)
Stlth    ++........             J - amulet of rage
HPRegen  0.58/turn              x - ring of magical power
MPRegen  0.17/turn              I - ring of poison resistance

@: about to teleport, berserk cooldown, slowed, very slow
A: fangs 3, regeneration 1, magic shield, antimagic bite, no potion heal 3, rot
immunity
a: Heroism, Renounce Religion, Evoke Berserk Rage


You were on level 1 of the Lair of Beasts.
You worshipped Okawaru.
Okawaru was greatly pleased with you.
You were very hungry.

You visited 2 branches of the dungeon, and saw 10 of its levels.

You collected 524 gold pieces.

Inventory:

Hand Weapons
 a - a +0 war axe
 o - a +1 hunting sling of velocity
 D - a +0 hand axe of chopping
 G - a +0 morningstar
 L - a +2 flail of draining (weapon)
Missiles
 h - 6 tomahawks of dispersal (quivered)
 s - 180 stones
Armour
 c - a +0 shield (worn)
 e - a +2 hat (worn)
 m - quicksilver dragon scales (worn)
 q - a +0 pair of gloves (worn)
Jewellery
 x - a ring of magical power (left hand)
 I - a ring of poison resistance (right hand)
 J - an amulet of rage (around neck)
Wands
 A - a wand of enslavement (14)
 K - a wand of paralysis (12)
Scrolls
 i - 6 scrolls of amnesia {unknown}
 k - 2 scrolls of fear {unknown}
 l - 4 scrolls of remove curse
 p - a scroll of teleportation
 r - a scroll of random uselessness {unknown}
 t - 4 scrolls of enchant weapon {unknown}
 v - 2 scrolls of identify
 w - 3 scrolls of blinking {unknown}
 y - a scroll of enchant armour {unknown}
 B - a scroll of holy word {unknown}
 C - 2 scrolls of fog {unknown}
 F - a scroll of magic mapping {unknown}
Potions
 b - 5 potions of curing {unknown}
 d - 4 potions of might
 g - a potion of berserk rage
 j - 2 potions of lignification
 n - 2 potions of haste
 u - 2 potions of cancellation {unknown}
 z - a potion of flight {unknown}
 E - 2 potions of agility {unknown}
 H - a potion of magic {unknown}
Comestibles
 f - 13 rations
 M - 5 chunks of flesh


   Skills:
 + Level 5.9 Fighting
 + Level 10.1 Axes
 + Level 0.7(6.4) Maces & Flails
 + Level 5.4 Armour
 + Level 4.0 Dodging
 + Level 3.0 Stealth
 + Level 8.1 Shields
 + Level 0.6 Invocations
 + Level 0.2 Evocations


You had 10 spell levels left.
You didn't know any spells.

Dungeon Overview and Level Annotations

Branches:
Dungeon (9/15)             Temple (0/1) D:6            Lair (1/6) D:9
    Orc: D:9-12

Altars:
Elyvilon
Nemelex Xobeh
Okawaru
Qazlal
Trog
Vehumet
Xom
The Shining One

Shops:
D:9 [


Innate Abilities, Weirdness & Mutations

You have razor-sharp teeth.
Your natural rate of healing is unusually fast.
When hurt, damage is shared between your health and your magic reserves.
Your bite disrupts and absorbs the magic of your enemies.
Potions cannot restore your health.
You are immune to rotting.


Message History

A swamp worm comes into view.
You block the water moccasin's attack. You block the swamp worm's attack.
Found a potion of haste.
You block the water moccasin's attack. You block the swamp worm's attack.
The swamp worm barely misses you.
The water moccasin bites you but does no damage.
The swamp worm barely misses you.
The swamp worm throws harpoon shot at you.
The harpoon shot hits you!
* * * LOW HITPOINT WARNING * * *
You are yanked forward by the harpoon shot.
You block the water moccasin's attack. The swamp worm bites you!
* * * LOW HITPOINT WARNING * * *
You block the swamp worm's attack.
The water moccasin bites you but does no damage.
As you read the scroll of teleportation, it crumbles to dust.
You feel strangely unstable. You block the swamp worm's attack.
The swamp worm closely misses you. You block the water moccasin's attack.
You block the swamp worm's attack. The swamp worm bites you!
You die...

# #..###≈≈P#≈≈
#%#...[.≈≈≈≈≈
#.... ..≈≈≈#
#...###≈≈≈#######
#....≈#≈≈≈≈≈≈≈≈≈
#..>.†...≈≈≈≈≈≈≈
#...##wwww.....!
$...:..
##wSw......
.#.###.
##@#.#.##. # ..
#.#.# # P. #...#
(.. ......# #.#
.####### .# ##


You could see 6 swamp worms and a water moccasin.

Vanquished Creatures
  A hydra (Lair:1)
  2 two-headed ogres (D:8)
  An elephant (D:9)
  A spiny frog (Lair:1)
  The ghost of Rhok the Insei, a novice OpTm of Okawaru (D:5)
  Grinder (D:3)
  A hippogriff (D:9)
  Sigmund (D:2)
  Eustachio (D:6)
  Menkaure (D:7)
  A water moccasin (D:8)
  3 sky beasts
  3 orc warriors
  A black bear (D:8)
  2 phantoms
  An eye of draining (D:9)
  5 ogres
  A centaur (D:5)
  5 crocodiles (D:9)
  2 big kobolds (D:9)
  2 bullfrogs
  A wyvern zombie (D:8)
  A water moccasin zombie (D:7)
  6 scorpions
  3 killer bees (D:9)
  6 crimson imps
  A quasit (D:9)
  A bullfrog zombie (D:6)
  3 jellies (D:8)
  3 orc priests
  2 bullfrog skeletons
  2 centaur skeletons
  8 orc wizards
  Jessica (D:2)
  Terence (D:2)
  3 iguanas
  4 worker ants
  A statue (D:8)
  A hound skeleton (D:4)
  A worker ant zombie (D:6)
  Robin (D:2)
  4 gnolls (D:4)
  10 adders
  6 oozes
  2 adder skeletons
  An adder zombie (D:8)
  5 worms (D:3)
  A dart slug (D:1)
  4 leopard geckos
  27 orcs
  8 giant cockroaches
  16 goblins
  10 hobgoblins
  5 jackals
  23 kobolds
  4 quokkas
  A ball python (D:4)
  4 bats
  4 frilled lizards
  A jackal skeleton (D:4)
  A leopard gecko skeleton (D:7)
  A leopard gecko zombie (D:6)
  3 quokka skeletons
  A quokka zombie (D:7)
  7 rats
236 creatures vanquished.

Vanquished Creatures (others)
  3 plants (Lair:1)
3 creatures vanquished.

Grand Total: 239 creatures vanquished

Notes
Turn   | Place    | Note
-------+----------+-------------------------------------------
     0 | D:1      | Kairos the Vine Stalker Fighter began the quest for the Orb.
     0 | D:1      | Reached XP level 1. HP: 11/11 MP: 2/2
    71 | D:1      | Reached XP level 2. HP: 16/16 MP: 3/3
   670 | D:2      | Reached XP level 3. HP: 19/19 MP: 4/4
   693 | D:2      | Noticed Robin
   698 | D:2      | Noticed Terence
   700 | D:2      | Reached skill level 2 in Axes
   706 | D:2      | Killed Terence
   706 | D:2      | Gained mutation: Your natural rate of healing is unusually fast. [Vine Stalker growth]
   706 | D:2      | Reached XP level 4. HP: 20/24 MP: 5/5
   721 | D:2      | Killed Robin
   779 | D:2      | Noticed Sigmund
   798 | D:2      | HP: 1/24 [Sigmund/scythe (7)]
   800 | D:2      | Killed Sigmund
   800 | D:2      | Reached skill level 4 in Axes
   800 | D:2      | Reached XP level 5. HP: 2/28 MP: 1/6
   800 | D:2      | Reached XP level 6. HP: 2/32 MP: 1/7
   937 | D:2      | Noticed Jessica
   939 | D:2      | Killed Jessica
  1455 | D:3      | Noticed Grinder
  1477 | D:3      | Killed Grinder
  1477 | D:3      | Reached skill level 1 in Dodging
  1477 | D:3      | Reached XP level 7. HP: 25/36 MP: 8/8
  1602 | D:3      | Noticed a moth of wrath
  1605 | D:3      | Found a bloodstained altar of Trog.
  1824 | D:3      | Reached skill level 5 in Axes
  1983 | D:3      | Noticed an air elemental
  1985 | D:3      | Found a stormy altar of Qazlal.
  1988 | D:3      | Noticed a fire elemental
  1988 | D:3      | Noticed a water elemental
  2488 | D:4      | Gained mutation: You have razor-sharp teeth. [Vine Stalker growth]
  2488 | D:4      | Reached XP level 8. HP: 35/42 MP: 9/9
  2737 | D:5      | Entered Level 5 of the Dungeon
  2915 | D:5      | Noticed Rhok's ghost (novice OpTm)
  2929 | D:5      | Found an iron altar of Okawaru.
  2945 | D:5      | Killed Rhok's ghost
  2945 | D:5      | Reached skill level 6 in Axes
  2945 | D:5      | Reached skill level 5 in Shields
  2955 | D:5      | Became a worshipper of Warmaster Okawaru
  3332 | D:5      | Found a glowing golden altar of the Shining One.
  3684 | D:6      | Noticed Eustachio
  3704 | D:6      | Killed Eustachio
  3780 | D:6      | Reached skill level 1 in Stealth
  3817 | D:6      | Found a staircase to the Ecumenical Temple.
  3911 | D:6      | Reached * piety under Okawaru
  3911 | D:6      | Reached XP level 9. HP: 45/45 MP: 10/10
  4073 | D:6      | Found a sparkling altar of Nemelex Xobeh.
  4082 | D:6      | Reached skill level 7 in Axes
  4157 | D:6      | Found a shimmering altar of Xom.
  4159 | D:6      | Found a shimmering altar of Xom.
  4160 | D:6      | Found a shimmering altar of Xom.
  4593 | D:7      | Noticed Menkaure
  4603 | D:7      | Killed Menkaure
  4603 | D:7      | Reached ** piety under Okawaru
  4612 | D:7      | Found a white marble altar of Elyvilon.
  4781 | D:7      | Reached skill level 8 in Axes
  4829 | D:8      | Noticed a two-headed ogre
  4838 | D:7      | Reached skill level 5 in Fighting
  5051 | D:8      | Killed a two-headed ogre
  5051 | D:8      | Reached XP level 10. HP: 37/51 MP: 11/11
  5197 | D:8      | Noticed a two-headed ogre
  5216 | D:8      | Killed a two-headed ogre
  5216 | D:8      | Reached *** piety under Okawaru
  5216 | D:8      | Reached skill level 9 in Axes
  5420 | D:8      | Reached skill level 5 in Armour
  5729 | D:8      | Found a radiant altar of Vehumet.
  5932 | D:9      | Found a staircase to the Lair.
  5932 | D:9      | Noticed an elephant
  5952 | D:9      | Killed an elephant
  5972 | D:9      | Reached **** piety under Okawaru
  6301 | D:9      | Reached XP level 11. HP: 53/56 MP: 12/12
  6370 | D:9      | Found Fukop's Armour Shop.
  6387 | Lair:1   | Entered Level 1 of the Lair of Beasts
  6388 | Lair:1   | Noticed a seven-headed hydra
  6488 | D:9      | Reached skill level 10 in Axes
  6521 | Lair:1   | Killed a seven-headed hydra
  6538 | Lair:1   | Slain by a swamp worm

Vault maps used:
D:1:      dpeg_arrival_ternary
D:2:      first_ration, st_stairs_8, serial_bayou_lagoon_b, uniq_terence,
          uniq_sigmund, uniq_robin, uniq_jessica
D:3:      nicolae_qazlal_style_of_elements, tgw_trog, uniq_grinder
D:5:      okawaru_trees_2, grunt_decor_cap, hangedman_decor_growths,
          lemuel_tele_altar
D:6:      lemuel_coloured_pillars_altar, minmay_temple_entry_hall, serial_glass,
          glass_columns_a, glass_columns_b, minmay_strange_pillars,
          xom_redecorated, uniq_eustachio
D:7:      lemuel_doored_altar, uniq_menkaure
D:8:      vehumet_statue, st_stairs_6, hangedman_little_slice_of_home
D:9:      david_lair_generic, serial_shops, nicolae_shop_behind_doors
Lair:1:   worms_lemuel, serial_bayou_shore_b

Skill      XL: |  1  2  3  4  5  6  7  8  9 10 11 |
---------------+----------------------------------+-----
Shields        | 3 4 5 6 7 8 |  8.1
Armour         | 3 4 5 |  5.4
Fighting       | 3 4 5 |  5.9
Axes           | 2 4 5 6 8 9 10 | 10.1
Dodging        | 1 2 3 4 |  4.0
Stealth        | 1 3 |  3.0
Maces & Flails | |  0.7
Invocations    | |  0.6
Evocations     | |  0.2

Action                   |  1- 3 |  4- 6 |  7- 9 | 10-12 || total
-------------------------+-------+-------+-------+-------++-------
Melee: War axe           |    53 |    93 |   207 |       ||   353
       Bite              |    10 |    22 |   119 |    93 ||   244
       Hand axe          |       |       |   155 |   252 ||   407
       Morningstar       |       |       |       |    12 ||    12
       Flail             |       |       |       |     4 ||     4
Invok: Heroism           |       |       |     1 |     5 ||     6
 Abil: Evoke Berserk Rag |       |       |       |     1 ||     1
  Use: Scroll            |       |       |     6 |     1 ||     7
 Stab: Sleeping          |       |       |       |     1 ||     1
  Eat: Chunk             |       |     1 |    10 |     1 ||    12
       Ration            |       |       |     1 |     1 ||     2
Armor: Scale mail        |    29 |    21 |       |       ||    50
       Quicksilver drago |       |    10 |   150 |   102 ||   262
Dodge: Dodged            |    13 |    26 |   128 |   131 ||   298
Block: Shield            |    27 |    42 |   186 |   181 ||   436

Table legend:
 A = Spawn XP
 B = Non-spawn XP
 C = Spawn XP percentage of total XP
 D = Spawn monster count
 E = Non-spawn monster count
 F = Spawn count percentage of total count
 G = Total turns spent on level
                    A         B        C        D         E        F      G
               +---------+---------+-------+---------+---------+-------+---------
         Total |       0 |   10975 |   0.0 |       0 |     236 |   0.0 |  6538
               +---------+---------+-------+---------+---------+-------+---------
           D:1 |       0 |      30 |   0.0 |       0 |      17 |   0.0 |   667
           D:2 |       0 |     420 |   0.0 |       0 |      40 |   0.0 |   749
           D:3 |       0 |     449 |   0.0 |       0 |      27 |   0.0 |   677
           D:4 |       0 |     374 |   0.0 |       0 |      28 |   0.0 |   647
           D:5 |       0 |     661 |   0.0 |       0 |      10 |   0.0 |   924
           D:6 |       0 |     658 |   0.0 |       0 |      16 |   0.0 |   629
           D:7 |       0 |    1553 |   0.0 |       0 |      27 |   0.0 |   806
           D:8 |       0 |    2835 |   0.0 |       0 |      27 |   0.0 |   807
           D:9 |       0 |    2625 |   0.0 |       0 |      42 |   0.0 |   600
        Lair:1 |       0 |    1370 |   0.0 |       0 |       2 |   0.0 |    32
               +---------+---------+-------+---------+---------+-------+---------
